Workbook

Sheet 往来对账单
B2: 往来账户对账单
B3: 免费模板 · stokexcel.com — 请在“数据”表中录入交易，本页明细会自动填充。
B5: 对账单日期 | C5: =TODAY() | E5: 期间 | F5: 01.07.2026 - 31.08.2026
B6: 往来账户编码 | C6: CR-001 | E6: 页 | F6: 1 / 1
B8: 出具公司
B9: 公司名称
B10: 税务局 / 税号
B11: 地址
B12: 负责人 · 电话 · 邮箱
B14: 往来账户持有方 — 对账单收件公司
B15: 公司名称
B16: 税务局 / 税号
B17: 负责人 · 电话 · 邮箱
B19: 余额 (₺)
B20: =IF('数据'!A2="","",'数据'!A2) | C20: =IF('数据'!A2="","",'数据'!C2) | D20: =IF('数据'!A2="","",'数据'!D2) | E20: =IF('数据'!A2="","",'数据'!E2) | F20: =IF('数据'!A2="","",'数据'!F2) | G20: =IF('数据'!A2="","",SUM($E$20:E20)-SUM($F$20:F20))
B21: =IF('数据'!A3="","",'数据'!A3) | C21: =IF('数据'!A3="","",'数据'!C3) | D21: =IF('数据'!A3="","",'数据'!D3) | E21: =IF('数据'!A3="","",'数据'!E3) | F21: =IF('数据'!A3="","",'数据'!F3) | G21: =IF('数据'!A3="","",SUM($E$20:E21)-SUM($F$20:F21))
B22: =IF('数据'!A4="","",'数据'!A4) | C22: =IF('数据'!A4="","",'数据'!C4) | D22: =IF('数据'!A4="","",'数据'!D4) | E22: =IF('数据'!A4="","",'数据'!E4) | F22: =IF('数据'!A4="","",'数据'!F4) | G22: =IF('数据'!A4="","",SUM($E$20:E22)-SUM($F$20:F22))
B23: =IF('数据'!A5="","",'数据'!A5) | C23: =IF('数据'!A5="","",'数据'!C5) | D23: =IF('数据'!A5="","",'数据'!D5) | E23: =IF('数据'!A5="","",'数据'!E5) | F23: =IF('数据'!A5="","",'数据'!F5) | G23: =IF('数据'!A5="","",SUM($E$20:E23)-SUM($F$20:F23))
B24: =IF('数据'!A6="","",'数据'!A6) | C24: =IF('数据'!A6="","",'数据'!C6) | D24: =IF('数据'!A6="","",'数据'!D6) | E24: =IF('数据'!A6="","",'数据'!E6) | F24: =IF('数据'!A6="","",'数据'!F6) | G24: =IF('数据'!A6="","",SUM($E$20:E24)-SUM($F$20:F24))
B25: =IF('数据'!A7="","",'数据'!A7) | C25: =IF('数据'!A7="","",'数据'!C7) | D25: =IF('数据'!A7="","",'数据'!D7) | E25: =IF('数据'!A7="","",'数据'!E7) | F25: =IF('数据'!A7="","",'数据'!F7) | G25: =IF('数据'!A7="","",SUM($E$20:E25)-SUM($F$20:F25))
B26: =IF('数据'!A8="","",'数据'!A8) | C26: =IF('数据'!A8="","",'数据'!C8) | D26: =IF('数据'!A8="","",'数据'!D8) | E26: =IF('数据'!A8="","",'数据'!E8) | F26: =IF('数据'!A8="","",'数据'!F8) | G26: =IF('数据'!A8="","",SUM($E$20:E26)-SUM($F$20:F26))
B27: =IF('数据'!A9="","",'数据'!A9) | C27: =IF('数据'!A9="","",'数据'!C9) | D27: =IF('数据'!A9="","",'数据'!D9) | E27: =IF('数据'!A9="","",'数据'!E9) | F27: =IF('数据'!A9="","",'数据'!F9) | G27: =IF('数据'!A9="","",SUM($E$20:E27)-SUM($F$20:F27))
B28: =IF('数据'!A10="","",'数据'!A10) | C28: =IF('数据'!A10="","",'数据'!C10) | D28: =IF('数据'!A10="","",'数据'!D10) | E28: =IF('数据'!A10="","",'数据'!E10) | F28: =IF('数据'!A10="","",'数据'!F10) | G28: =IF('数据'!A10="","",SUM($E$20:E28)-SUM($F$20:F28))
B29: =IF('数据'!A11="","",'数据'!A11) | C29: =IF('数据'!A11="","",'数据'!C11) | D29: =IF('数据'!A11="","",'数据'!D11) | E29: =IF('数据'!A11="","",'数据'!E11) | F29: =IF('数据'!A11="","",'数据'!F11) | G29: =IF('数据'!A11="","",SUM($E$20:E29)-SUM($F$20:F29))
B30: =IF('数据'!A12="","",'数据'!A12) | C30: =IF('数据'!A12="","",'数据'!C12) | D30: =IF('数据'!A12="","",'数据'!D12) | E30: =IF('数据'!A12="","",'数据'!E12) | F30: =IF('数据'!A12="","",'数据'!F12) | G30: =IF('数据'!A12="","",SUM($E$20:E30)-SUM($F$20:F30))
B31: =IF('数据'!A13="","",'数据'!A13) | C31: =IF('数据'!A13="","",'数据'!C13) | D31: =IF('数据'!A13="","",'数据'!D13) | E31: =IF('数据'!A13="","",'数据'!E13) | F31: =IF('数据'!A13="","",'数据'!F13) | G31: =IF('数据'!A13="","",SUM($E$20:E31)-SUM($F$20:F31))
... B44: =IF('数据'!A26="","",'数据'!A26) | C44: =IF('数据'!A26="","",'数据'!C26) | D44: =IF('数据'!A26="","",'数据'!D26) | E44: =IF('数据'!A26="","",'数据'!E26) | F44: =IF('数据'!A26="","",'数据'!F26) | G44: =IF('数据'!A26="","",SUM($E$20:E44)-SUM($F$20:F44))
B45: 期间合计 | E45: =SUM(E20:E44) | F45: =SUM(F20:F44)
B46: 期末余额 | E46: =IF(ROUND(E45-F45,2)>0,"借方余额 — 对方欠我方",IF(ROUND(E45-F45,2)<0,"贷方余额 — 我方欠对方","账户已结清 — 余额为零")) | G46: =ABS(E45-F45)
B48: 上述明细依据本公司账簿记录，就所列期间编制。请与贵司账目核对；如发现不符，请告知差异自哪个日期之后产生。本文件仅为账户往来明细，不构成付款要求、催告函或强制执行文书。
B50: 出具公司 — 公章 / 签字 | E50: 收件方 / 确认方 — 公章 / 签字
B56: 与其每次手工编制对账单，不如一键生成 — 往来账本：应收应付记账 →

Sheet 数据
A1: 日期 | B1: 单据类型 | C1: 单据编号 | D1: 说明 | E1: 借方 (₺) | F1: 贷方 (₺) | G1: 余额 (₺) | H1: 到期日期 | I1: 到期状态 | J1: 备注
A2: 46204 | B2: 期初 / 结转 | C2: — | D2: 期初结转余额 | E2: 24500 | G2: ==IF(A2="","",SUM($E$2:E2)-SUM($F$2:F2)) | I2: ==IF(A2="","",IF(OR(H2="",E2=""),"",IF(TODAY()>H2,"已逾期","未到期"))) | J2: 6月底结账余额。
A3: 46207 | B3: 发票 | C3: FTR-2026-1180 | D3: 7月发货 — 干货食品 | E3: 38750 | G3: ==IF(A3="","",SUM($E$2:E3)-SUM($F$2:F3)) | H3: 46237 | I3: ==IF(A3="","",IF(OR(H3="",E3=""),"",IF(TODAY()>H3,"已逾期","未到期"))) | J3: 账期 30 天。
A4: 46214 | B4: 收款 | C4: THS-0442 | D4: 银行转账 — 冲抵结转余额 | F4: 24500 | G4: ==IF(A4="","",SUM($E$2:E4)-SUM($F$2:F4)) | I4: ==IF(A4="","",IF(OR(H4="",E4=""),"",IF(TODAY()>H4,"已逾期","未到期")))
A5: 46221 | B5: 发票 | C5: FTR-2026-1227 | D5: 包装材料 | E5: 16400 | G5: ==IF(A5="","",SUM($E$2:E5)-SUM($F$2:F5)) | H5: 46251 | I5: ==IF(A5="","",IF(OR(H5="",E5=""),"",IF(TODAY()>H5,"已逾期","未到期"))) | J5: 账期 30 天。
A6: 46226 | B6: 退货 | C6: IAD-0091 | D6: 退回 12 箱破损货物 — FTR-2026-1180 | F6: 3180 | G6: ==IF(A6="","",SUM($E$2:E6)-SUM($F$2:F6)) | I6: ==IF(A6="","",IF(OR(H6="",E6=""),"",IF(TODAY()>H6,"已逾期","未到期"))) | J6: 已开具退货发票。
A7: 46232 | B7: 支票 | C7: CEK-8837 | D7: 客户支票入账 — 到期日 30.09.2026 | F7: 30000 | G7: ==IF(A7="","",SUM($E$2:E7)-SUM($F$2:F7)) | I7: ==IF(A7="","",IF(OR(H7="",E7=""),"",IF(TODAY()>H7,"已逾期","未到期"))) | J7: 支票兑付前已先从余额中扣除。
A8: 46239 | B8: 发票 | C8: FTR-2026-1302 | D8: 8月发货 — 干货食品 | E8: 41250 | G8: ==IF(A8="","",SUM($E$2:E8)-SUM($F$2:F8)) | H8: 46269 | I8: ==IF(A8="","",IF(OR(H8="",E8=""),"",IF(TODAY()>H8,"已逾期","未到期"))) | J8: 账期 30 天。
A9: 46248 | B9: 延期利息 | C9: VDF-0017 | D9: 对逾期余额加收的延期利息 | E9: 1870 | G9: ==IF(A9="","",SUM($E$2:E9)-SUM($F$2:F9)) | I9: ==IF(A9="","",IF(OR(H9="",E9=""),"",IF(TODAY()>H9,"已逾期","未到期"))) | J9: 按合同约定月利率计算。
G10: ==IF(A10="","",SUM($E$2:E10)-SUM($F$2:F10)) | I10: ==IF(A10="","",IF(OR(H10="",E10=""),"",IF(TODAY()>H10,"已逾期","未到期")))
G11: ==IF(A11="","",SUM($E$2:E11)-SUM($F$2:F11)) | I11: ==IF(A11="","",IF(OR(H11="",E11=""),"",IF(TODAY()>H11,"已逾期","未到期")))
G12: ==IF(A12="","",SUM($E$2:E12)-SUM($F$2:F12)) | I12: ==IF(A12="","",IF(OR(H12="",E12=""),"",IF(TODAY()>H12,"已逾期","未到期")))
G13: ==IF(A13="","",SUM($E$2:E13)-SUM($F$2:F13)) | I13: ==IF(A13="","",IF(OR(H13="",E13=""),"",IF(TODAY()>H13,"已逾期","未到期")))
G14: ==IF(A14="","",SUM($E$2:E14)-SUM($F$2:F14)) | I14: ==IF(A14="","",IF(OR(H14="",E14=""),"",IF(TODAY()>H14,"已逾期","未到期")))
G15: ==IF(A15="","",SUM($E$2:E15)-SUM($F$2:F15)) | I15: ==IF(A15="","",IF(OR(H15="",E15=""),"",IF(TODAY()>H15,"已逾期","未到期")))
G16: ==IF(A16="","",SUM($E$2:E16)-SUM($F$2:F16)) | I16: ==IF(A16="","",IF(OR(H16="",E16=""),"",IF(TODAY()>H16,"已逾期","未到期")))
G17: ==IF(A17="","",SUM($E$2:E17)-SUM($F$2:F17)) | I17: ==IF(A17="","",IF(OR(H17="",E17=""),"",IF(TODAY()>H17,"已逾期","未到期")))
G18: ==IF(A18="","",SUM($E$2:E18)-SUM($F$2:F18)) | I18: ==IF(A18="","",IF(OR(H18="",E18=""),"",IF(TODAY()>H18,"已逾期","未到期")))
G19: ==IF(A19="","",SUM($E$2:E19)-SUM($F$2:F19)) | I19: ==IF(A19="","",IF(OR(H19="",E19=""),"",IF(TODAY()>H19,"已逾期","未到期")))
G20: ==IF(A20="","",SUM($E$2:E20)-SUM($F$2:F20)) | I20: ==IF(A20="","",IF(OR(H20="",E20=""),"",IF(TODAY()>H20,"已逾期","未到期")))
G21: ==IF(A21="","",SUM($E$2:E21)-SUM($F$2:F21)) | I21: ==IF(A21="","",IF(OR(H21="",E21=""),"",IF(TODAY()>H21,"已逾期","未到期")))
... G300: ==IF(A300="","",SUM($E$2:E300)-SUM($F$2:F300)) | I300: ==IF(A300="","",IF(OR(H300="",E300=""),"",IF(TODAY()>H300,"已逾期","未到期")))

Sheet 汇总
B2: 往来账户对账单示例
B3: 免费 Excel 模板 · stokexcel.com
B5: 汇总 | E5: 使用方法
B6: 交易笔数 | C6: =COUNTA('数据'!A2:A300) | E6: 1. 请在“数据”表中按日期顺序录入交易；第一行为期初结转余额，填入借方列。
B7: 期间借方合计 | C7: =SUM('数据'!E2:E300) | E7: 2. 销售和费用单据填入借方列，收款和退货填入贷方列；余额列会自动计算累计余额。
B8: 期间贷方合计 | C8: =SUM('数据'!F2:F300) | E8: 3. 赊销发票请填写到期日期 — 已逾期的行会自动变成红色“已逾期”。
B9: 期末余额 | C9: =SUM('数据'!E2:E300)-SUM('数据'!F2:F300) | E9: 4. “往来对账单”表以单据格式显示前 25 笔交易；公司信息只需填写一次，明细会自动填充。
B10: 余额性质 | C10: =IF(ROUND(SUM('数据'!E2:E300)-SUM('数据'!F2:F300),2)>0,"借方",IF(ROUND(SUM('数据'!E2:E300)-SUM('数据'!F2:F300),2)<0,"贷方","已结清")) | E10: 5. 打印对账单或另存为 PDF 发给客户；页面已设置为 A4 纵向单页。
B11: 逾期单据数量 | C11: =COUNTIF('数据'!I2:I300,"已逾期")
B12: 逾期单据金额 | C12: =SUMIF('数据'!I2:I300,"已逾期",'数据'!E2:E300) | E12: Excel 不够用时：用 Ofisx 在云端和手机上自动完成 →

Sheet 列表
A1: 单据类型
A2: 期初 / 结转
A3: 发票
A4: 送货单
A5: 收款
A6: 付款
A7: 支票
A8: 本票
A9: 退货
A10: 延期利息
A11: 折扣
A12: 其他
